 Dungeon Crawl Stone Soup version 0.17.0-28-g6e173f8 (webtiles) character file.

2837 fredomojojo the Covert (level 9, 0/58 HPs)
             Began as an Octopode Assassin on Nov 27, 2015.
             Was a Follower of Dithmenos.
             Slain by a wyvern (16 damage)
             ... on level 8 of the Dungeon on Nov 28, 2015.
             The game lasted 01:37:51 (6492 turns).

fredomojojo the Covert (Octopode Assassin)          Turns: 6492, Time: 01:37:51

Health: 0/58       AC:  1    Str: 10    XL:     9   Next: 74%
Magic:  10/10      EV: 16    Int: 13    God:    Dithmenos [*.....]
Gold:   336        SH:  0    Dex: 17    Spells: 0 memorised, 8 levels left

rFire  x . .     SeeInvis .     R - +2 short sword (drain)
rCold  + . .     Clarity  +     (no shield)
rNeg   . . .     SustAt   +     (helmet restricted)
rPois  .         Gourm    .     g - amulet of clarity
rElec  .         Spirit   .     h - +1 ring of evasion
rCorr  .         Warding  .     p - ring of sustain attributes
rMut   .         Stasis   .     m - ring of ice
MR     .....                    u - ring of wizardry
Stlth  +++++++++.               (no ring)
                                (no ring)
                                (no ring)
                                (no ring)

@: wreathed by umbra, not resistant to hostile enchantments, incredibly stealthy
A: almost no armour, amphibious, 8 rings, constrict 8, camouflage 1, gelatinous
body 1
a: Renounce Religion


You were on level 8 of the Dungeon.
You worshipped Dithmenos.
Dithmenos was aware of your devotion.
You were not hungry.

You visited 1 branch of the dungeon, and saw 8 of its levels.

You collected 336 gold pieces.

Inventory:

Hand Weapons
 a - a +2 dagger
 b - a +0 blowgun
 r - a +0 hunting sling
 y - a +1 short sword of venom
 I - a +0 short sword
 O - a +0 rapier
 R - a +2 short sword of draining (weapon)
Missiles
 c - 56 poisoned needles
 d - 2 curare-tipped needles
 C - 6 silver javelins (quivered)
Magical Staves
 T - an uncursed staff of power {unknown}
Jewellery
 g - an amulet of clarity (around mantle)
 h - a +1 ring of evasion (left tentacle)
 m - a ring of ice (on tentacle)
 p - a ring of sustain attributes (right tentacle)
 u - a ring of wizardry (on tentacle)
 K - an uncursed amulet of resist corrosion
Wands
 o - a wand of flame (9)
 t - a wand of confusion (15)
 v - a wand of digging (13)
 N - a wand of digging (14)
 Q - a wand of lightning (12)
Scrolls
 i - a scroll of noise {unknown}
 j - a scroll of amnesia {unknown}
 k - a scroll of blinking {unknown}
 q - 2 scrolls of teleportation
 w - 3 scrolls of remove curse
 B - a scroll of enchant weapon {unknown}
 H - a scroll of magic mapping {unknown}
 L - 3 scrolls of immolation
 M - a scroll of fog {unknown}
 S - a scroll of random uselessness {unknown}
Potions
 f - 3 potions of curing
 n - 2 potions of cancellation
 s - a potion of agility {unknown}
 x - a potion of might {unknown}
 z - a potion of brilliance
 D - 2 potions of cure mutation
 F - 2 potions of poison {unknown}
 J - a potion of magic
 U - 2 potions of flight {unknown}
Comestibles
 e - 4 bread rations
 l - 9 slices of pizza
 A - 3 beef jerkies
 E - 3 meat rations
 G - 4 fruits


   Skills:
 + Level 4.3 Fighting
 * Level 4.6(4.7) Short Blades
   Level 0.6(2.9) Long Blades
 + Level 5.8 Throwing
 + Level 4.9 Dodging
 + Level 13.0 Stealth
 + Level 1.8 Evocations


You had 8 spell levels left.
You didn't know any spells.

Dungeon Overview and Level Annotations

Branches:
Dungeon (8/15)             Temple (0/1) D:4
   Lair: D:8-11

Altars:
Dithmenos
Fedhas
Kikubaaqudgha
Nemelex Xobeh
Qazlal
Ru
Vehumet

Shops:
D:7 %

Annotations:
D:6 ThereIsNoGod's ghost, novice MiBe


Innate Abilities, Weirdness & Mutations

You cannot wear most types of armour.
You are amphibious.
You can wear up to eight rings at the same time.
You can use your tentacles to constrict eight enemies at once.
Your skin changes colour to match your surroundings (Stealth).
Your rubbery body absorbs attacks (AC +1).


Message History

Wield which item (- for none, * to show all)? (? for menu, Esc to quit)
I - a +0 short sword (weapon)
Wield which item (- for none, * to show all)? (? for menu, Esc to quit)
You sense an unholy aura.
R - a +2 short sword of draining (weapon)
You barely miss the worker ant. Your grab misses the worker ant.
You squeeze the worker ant!
You kill the worker ant!
Dithmenos accepts your kill.
Things that are here:
a blowgun; a kobold corpse
c - 56 poisoned needles (gained 3)
Found 9 gold pieces.
The wyvern hisses menacingly.
The wyvern bites you!!
You closely miss the wyvern. The wyvern closely misses you.
You hit the wyvern but do no damage. The wyvern bites you!
* * * LOW HITPOINT WARNING * * *
The wyvern bites you!
You die...

. #..........## ####.
............########....
..................##....
..................#....#
........................
$.......................
......l.......#.#.##..#
.......@........#.#..##
#..........#........)###
###.##..#######.....(.#.
..........#####)##..#...
...............)###(....
............###.†.(.#...
........(...# #.........
............# #.........
...!........###....#(...


You could see a wyvern.

Vanquished Creatures
  Grinder (D:4)
  Sigmund (D:2)
  The ghost of ConnectionFaild the Archer, an amateur SpHu of Okawaru (D:4)
  A human (D:7)
  Eustachio (D:6)
  Menkaure (D:5)
  Edmund (D:5)
  Duvessa (D:5)
  An orc warrior (D:6)
  3 phantoms
  A centaur (D:6)
  2 ogres
  A big kobold (D:8)
  Dowan (D:5)
  A scorpion (D:6)
  3 crimson imps
  A jelly (D:8)
  5 hounds
  A giant frog skeleton (D:4)
  Ijyb (D:2)
  Jessica (D:2)
  Terence (D:2)
  2 iguanas (D:6)
  5 worker ants
  An orc wizard (D:3)
  4 sheep (D:7)
  Robin (D:4)
  5 gnolls
  5 adders
  3 shadow imps
  3 oozes
  4 worms
  5 giant geckos
  13 orcs
  3 ball pythons
  4 giant cockroaches
  11 hobgoblins
  15 jackals
  11 bats
  3 giant newts
  20 goblins
  10 kobolds
  10 rats
169 creatures vanquished.

Notes
Turn   | Place    | Note
--------------------------------------------------------------
     0 | D:1      | fredomojojo the Octopode Assassin began the quest for the Orb.
     0 | D:1      | Reached XP level 1. HP: 14/14 MP: 1/1
   118 | D:1      | Reached XP level 2. HP: 13/19 MP: 2/2
   141 | D:1      | Reached skill level 6 in Stealth
   617 | D:1      | Reached XP level 3. HP: 6/24 MP: 3/3
  1339 | D:2      | Noticed Ijyb
  1352 | D:2      | Killed Ijyb
  1352 | D:2      | Reached skill level 7 in Stealth
  1352 | D:2      | Reached XP level 4. HP: 22/30 MP: 4/4
  1457 | D:2      | Noticed Terence
  1521 | D:2      | Killed Terence
  1562 | D:2      | You fall through a shaft!
  1618 | D:3      | Reached XP level 5. HP: 35/35 MP: 5/5
  1874 | D:2      | Noticed Jessica
  1884 | D:2      | Killed Jessica
  1884 | D:2      | Reached skill level 8 in Stealth
  1901 | D:2      | Found a shadowy altar of Dithmenos.
  1912 | D:2      | Noticed Sigmund
  1920 | D:2      | Killed Sigmund
  1920 | D:2      | Reached skill level 9 in Stealth
  1920 | D:2      | Reached XP level 6. HP: 41/41 MP: 6/6
  2616 | D:2      | Became a worshipper of Dithmenos the Shadowed
  2950 | D:4      | Reached XP level 7. HP: 45/45 MP: 7/7
  3062 | D:4      | Reached skill level 10 in Stealth
  3070 | D:4      | Found a blossoming altar of Fedhas.
  3116 | D:4      | Noticed ConnectionFaild's ghost (amateur SpHu)
  3396 | D:4      | Noticed Grinder
  3414 | D:4      | Killed Grinder
  3487 | D:4      | Found a staircase to the Ecumenical Temple.
  3683 | D:4      | Noticed Robin
  3710 | D:4      | Killed Robin
  3845 | D:5      | Entered Level 5 of the Dungeon
  3858 | D:5      | Noticed Dowan
  3862 | D:5      | Noticed Duvessa
  3875 | D:5      | Killed Duvessa
  3875 | D:5      | Reached skill level 11 in Stealth
  3875 | D:5      | Reached XP level 8. HP: 17/51 MP: 8/8
  3883 | D:5      | Killed Dowan
  3973 | D:5      | Found a sparkling altar of Nemelex Xobeh.
  3976 | D:5      | Found an ancient bone altar of Kikubaaqudgha.
  3976 | D:5      | Found a stormy altar of Qazlal.
  3982 | D:5      | Found a radiant altar of Vehumet.
  4250 | D:5      | Reached * piety under Dithmenos
  4282 | D:5      | Noticed Edmund
  4305 | D:4      | Killed ConnectionFaild's ghost
  4540 | D:5      | Killed Edmund
  4788 | D:5      | Noticed Menkaure
  4796 | D:5      | Killed Menkaure
  4796 | D:5      | Reached skill level 12 in Stealth
  4819 | D:6      | Noticed ThereIsNoGod's ghost (novice MiBe)
  4849 | D:6      | Noticed Eustachio
  4872 | D:6      | Killed Eustachio
  4872 | D:6      | Reached skill level 5 in Throwing
  4872 | D:6      | Reached XP level 9. HP: 56/58 MP: 9/9
  5370 | D:6      | Found a sacrificial altar of Ru.
  5818 | D:6      | Reached skill level 1 in Evocations
  6047 | D:7      | Found Plog's Food Boutique.
  6416 | D:8      | Reached skill level 13 in Stealth
  6492 | D:8      | Slain by a wyvern

Action                   |  1- 3 |  4- 6 |  7- 9 || total
-------------------------+-------+-------+-------++-------
Melee: Dagger            |    72 |    57 |   121 ||   250
       Short sword       |       |       |    93 ||    93
       Long sword        |       |       |     7 ||     7
 Fire: Blowgun           |    12 |    13 |    45 ||    70
Throw: Javelin           |       |       |    13 ||    13
Evoke: Wand              |       |       |     7 ||     7
  Use: Scroll            |       |       |     8 ||     8
       Potion            |       |       |     3 ||     3
 Stab: Sleeping          |    12 |    28 |    32 ||    72
       Confused          |       |       |     3 ||     3
       Distracted        |       |       |     2 ||     2
  Eat: Bread ration      |     1 |       |     2 ||     3
       Chunk             |       |     2 |     3 ||     5
